 Dungeon Crawl Stone Soup version 0.31-a0-152-g6aa68a64a1 (webtiles) character file.

Game seed: 10462073960021080016

693 qw the Shooter (level 7, -6/61 (67) HPs)
             Began as a Naga Hunter on June 10, 2023.
             Mangled by a wight
             ... wielding a +3 short sword of freezing
              (7 damage)
             ... on level 5 of the Dungeon.
             The game lasted 00:00:54 (3394 turns).

qw the Shooter (Naga Hunter)                        Turns: 3394, Time: 00:00:54

HP:   -6/61 (67)    AC:  3    Str: 14    XL:     7   Next: 64%
MP:   7/7           EV:  9    Int:  9    God:
Gold: 111           SH:  0    Dex: 16    Spells: 6/6 levels left

rFire   . . .        Y - +0 shortbow (elec)
rCold   . . .        (shield currently unavailable)
rNeg    . . .        c - +0 leather armour
rPois   +            (no helmet)
rElec   .            (no cloak)
rCorr   .            (no gloves)
SInv    +            (no barding)
Will    .....        (no amulet)
Stlth   ++           (no ring)
HPRegen 0.30/turn    (no ring)
MPRegen 0.10/turn

%: no passive effects
@: drained, very slow
A: AC +2, large, see invisible, deformed body, poison resistance, slowness 2,
spit poison 1, naga tail 1
a: Spit Poison


You were on level 5 of the Dungeon.
You visited 1 branch of the dungeon, and saw 5 of its levels.

You collected 111 gold pieces.


Innate Abilities, Weirdness & Mutations

Your serpentine skin is tough. (AC +2)
You have supernaturally acute eyesight. (SInv)
Armour fits poorly on your strangely shaped body.
Your system is resistant to poisons. (rPois)
You cover ground very slowly.
You can spit poison.
You have a snake-like lower body.


   Skills:
 - Level 5.2 Fighting
 - Level 7.0 Ranged Weapons
 + Level 1.5 Dodging
 - Level 1.5 Stealth


You had 6 spell levels left.
You didn't know any spells.
Your spell library was empty.

Inventory:

Hand Weapons
 Y - a +0 shortbow of electrocution (weapon)
Armour
 c - a +0 leather armour (worn)
Potions
 a - 2 potions of curing
 b - a potion of attraction {unknown}
 d - a potion of might {unknown}
 f - a potion of cancellation {unknown}

Dungeon Overview and Level Annotations

Branches:
Dungeon (5/15)
 Temple: D:4-7

Altars:
Gozag
Hepliaklqana
Nemelex Xobeh
The Shining One


Message History

Lightning courses through the wight!
The wight is almost destroyed.
You shoot an arrow. The arrow hits the wight!
You destroy the wight!
You shoot an arrow. The arrow barely misses the wight.
You shoot an arrow.
The arrow hits the wight but does no damage.
The wight barely misses you.
You shoot an arrow. The arrow hits the wight.
The wight is moderately damaged.
The wight hits you with a +3 short sword of freezing.
You feel drained. The wight freezes you.
You shoot an arrow. The arrow hits the wight!
The wight is almost destroyed.
The wight hits you with a +3 short sword of freezing.
The wight freezes you. The wight barely misses you.
You shoot an arrow. The arrow hits the wight!
You destroy the wight!
The wight hits you with a +3 short sword of freezing.
You feel drained. The wight freezes you.
Your Ranged Weapons skill increases to level 7!
You shoot an arrow. The arrow hits the wight.
The wight is heavily damaged.
The wight hits you with a +3 short sword of freezing!
The wight freezes you.
You shoot an arrow.
The arrow hits the wight but does no damage.
The wight is heavily damaged.
The wight hits you with a +3 short sword of freezing!
You feel drained. The wight freezes you.
You shoot an arrow. The arrow closely misses the wight.
The wight hits you with a +3 short sword of freezing.
You feel drained. The wight freezes you.
You shoot an arrow. The arrow hits the wight.
The wight is severely damaged.
The wight hits you with a +3 short sword of freezing!
You feel drained. The wight freezes you.
You shoot an arrow. The arrow closely misses the wight.
The wight hits you with a +3 short sword of freezing!
You die...

.# .##...... ...
......... .#.#
#......#. .....
#........
.....##........
........)......
......z).....##
#.......@......#
......##....##..
.....###.....#..
.......<........
...>.)..........
#####...........
#.....##....
##..... ....
#....## ...


You could see a wight.

Vanquished Creatures
  Grinder (D:3)
  Menkaure (D:4)
  An ice beast (D:4)
  2 wights (D:5)
  Natasha (twice) (D:2)
  An iguana (D:3)
  3 adders
  4 gnolls (D:3)
  A dart slug (D:3)
  An orc (D:4)
  4 ball pythons
  2 endoplasms
  A giant cockroach (D:2)
  5 goblins
  3 hobgoblins
  6 kobolds
  6 quokkas
  10 bats
  7 rats
61 creatures vanquished.

Notes
Turn   | Place    | Note
-------+----------+-------------------------------------------
     0 | D:1      | qw the Naga Hunter began the quest for the Orb.
     0 | D:1      | Reached XP level 1. HP: 19/19 MP: 1/1
     0 | D:1      | 0 ||| qw: Version: 0.2-a-122-gbc61b45
     0 | D:1      | 0 ||| qw: Game counter: 3602
     0 | D:1      | 0 ||| qw: Always use a shield: true
     0 | D:1      | 0 ||| qw: God list: Okawaru
     0 | D:1      | 0 ||| qw: Allow faded altars: false
     0 | D:1      | 0 ||| qw: Do Orc after D:15 true
     0 | D:1      | 0 ||| qw: Do second Lair branch before Depths: true
     0 | D:1      | 0 ||| qw: Lair rune preference: random
     0 | D:1      | 0 ||| qw: Plans: Normal
     0 | D:1      | 0 ||| PLANNING D:1-11
     9 | D:1      | 9 ||| INVOKING Spit Poison.
   164 | D:1      | 164 ||| INVOKING Spit Poison.
   227 | D:1      | 227 ||| INVOKING Spit Poison.
   235 | D:1      | 235 ||| INVOKING Spit Poison.
   236 | D:1      | Reached skill level 4 in Ranged Weapons
   236 | D:1      | Reached XP level 2. HP: 26/26 MP: 2/2
   273 | D:1      | 273 ||| INVOKING Spit Poison.
   289 | D:1      | 289 ||| INVOKING Spit Poison.
   305 | D:1      | 305 ||| INVOKING Spit Poison.
   332 | D:1      | 332 ||| INVOKING Spit Poison.
   370 | D:1      | 370 ||| INVOKING Spit Poison.
   382 | D:1      | 382 ||| INVOKING Spit Poison.
   417 | D:1      | 417 ||| INVOKING Spit Poison.
   418 | D:1      | 418 ||| INVOKING Spit Poison.
   641 | D:1      | 641 ||| READING scroll labelled VOUZORR YZUJIO.
   642 | D:1      | 642 ||| READING scroll labelled OGUGAM FAEDGHEI.
   643 | D:1      | 643 ||| READING scroll labelled FUFAEG ONEVEPE.
   644 | D:1      | 644 ||| READING scroll labelled XUSORU HEMUCSEKHE.
   645 | D:1      | 645 ||| READING scroll labelled RYGUCK MUAKENG.
   646 | D:1      | 646 ||| READING scroll labelled FIRARGH HIQOADE.
   647 | D:1      | 647 ||| DROPPING scroll of butterflies.
   729 | D:2      | Noticed Natasha
   730 | D:2      | Killed Natasha
   731 | D:2      | Reached XP level 3. HP: 32/32 MP: 3/3
   734 | D:2      | 734 ||| INVOKING Spit Poison.
   736 | D:2      | Reached skill level 5 in Ranged Weapons
   736 | D:2      | Reached XP level 4. HP: 39/39 MP: 4/4
   760 | D:2      | 760 ||| INVOKING Spit Poison.
   778 | D:2      | 778 ||| INVOKING Spit Poison.
   815 | D:2      | 815 ||| INVOKING Spit Poison.
   834 | D:2      | 834 ||| INVOKING Spit Poison.
   959 | D:2      | 959 ||| INVOKING Spit Poison.
   974 | D:2      | 974 ||| INVOKING Spit Poison.
  1010 | D:2      | 1010 ||| INVOKING Spit Poison.
  1197 | D:2      | Noticed Natasha
  1200 | D:2      | 1200 ||| INVOKING Spit Poison.
  1203 | D:2      | 1203 ||| INVOKING Spit Poison.
  1203 | D:2      | Killed Natasha
  1276 | D:2      | 1276 ||| INVOKING Spit Poison.
  1441 | D:3      | 1441 ||| PLANNING SEWER
  1441 | D:3      | 1441 ||| INVOKING Spit Poison.
  1456 | D:3      | Noticed Grinder
  1464 | D:3      | Paralysed by Grinder for 3 turns
  1468 | D:3      | Paralysed by Grinder for 5 turns
  1479 | D:3      | Killed Grinder
  1480 | D:3      | Reached XP level 5. HP: 29/52 MP: 5/5
  1480 | D:3      | Reached XP level 6. HP: 34/61 MP: 6/6
  1617 | D:3      | 1617 ||| INVOKING Spit Poison.
  1638 | D:3      | 1638 ||| INVOKING Spit Poison.
  1676 | D:3      | 1676 ||| INVOKING Spit Poison.
  1688 | D:3      | 1688 ||| INVOKING Spit Poison.
  1695 | D:3      | 1695 ||| INVOKING Spit Poison.
  1874 | D:3      | 1874 ||| INVOKING Spit Poison.
  1888 | D:3      | 1888 ||| INVOKING Spit Poison.
  1942 | D:3      | 1942 ||| INVOKING Spit Poison.
  1961 | D:3      | 1961 ||| INVOKING Spit Poison.
  1990 | D:3      | 1990 ||| INVOKING Spit Poison.
  2038 | D:3      | 2038 ||| RIP SEWER
  2158 | D:3      | 2158 ||| PLANNING D:1-11
  2158 | D:3      | 2158 ||| READING scroll labelled CURAFA VIKHISE.
  2161 | D:3      | 2161 ||| READING scroll labelled INOVIRPH ZUAPP.
  2162 | D:3      | 2162 ||| DRINKING 3 grey potions.
  2204 | D:4      | 2204 ||| INVOKING Spit Poison.
  2248 | D:4      | 2248 ||| INVOKING Spit Poison.
  2275 | D:4      | Noticed an ice beast
  2280 | D:4      | HP: 14/61 [ice beast (11)]
  2282 | D:4      | HP: 4/61 [ice beast (10)]
  2284 | D:4      | Killed an ice beast
  2285 | D:4      | Reached XP level 7. HP: 5/67 MP: 7/7
  2553 | D:4      | Reached skill level 6 in Ranged Weapons
  2663 | D:4      | 2663 ||| INVOKING Spit Poison.
  2859 | D:4      | Found a glowing golden altar of the Shining One.
  2866 | D:4      | Found a hazy altar of Hepliaklqana.
  2868 | D:4      | Noticed Menkaure
  2874 | D:4      | Killed Menkaure
  3151 | D:4      | Found a sparkling altar of Nemelex Xobeh.
  3152 | D:4      | Found an opulent altar of Gozag.
  3202 | D:4      | 3202 ||| READING 3 scrolls labelled RUNKUFI QADGH.
  3203 | D:4      | 3203 ||| READING scroll labelled RATURE LAUNTA.
  3304 | D:4      | 3304 ||| READING scroll labelled VIOQIC UMIODI.
  3305 | D:4      | 3305 ||| DROPPING 2 scrolls of poison.
  3336 | D:5      | Entered Level 5 of the Dungeon
  3337 | D:5      | 3337 ||| INVOKING Spit Poison.
  3341 | D:5      | 3341 ||| INVOKING Spit Poison.
  3344 | D:5      | 3344 ||| STAIRDANCE
  3348 | D:4      | 3348 ||| INVOKING Spit Poison.
  3390 | D:5      | Reached skill level 7 in Ranged Weapons
  3392 | D:5      | HP: 15/64 [wight/+3 short sword of freezing (4)]
  3393 | D:5      | HP: 4/63 [wight/+3 short sword of freezing (9)]
  3393 | D:5      | HP: 1/61 [wight/+3 short sword of freezing (1)]
  3394 | D:5      | Mangled by a wight

Levels and vault maps discovered:
D:1:      dpeg_arrival_rhombus, layout_basic
D:2:      layout_basic, nrook_mini_backslash, nicolae_elevator_lobby_asterisk,
          uniq_natasha
D:3:      layout_loops_ring, portal_sewer_entry_d,
          hangedman_abyss_or_decor_stabs, uniq_grinder
D:4:      layout_gridville, grunt_temple_overflow_opulence,
          mainiacjoe_overflow_catwalk_spiral, grunt_decor_cap, moated_statue,
          uniq_menkaure
D:5:      layout_cave_pools, okawaru_altar_gauntlet_db, uniq_blork_the_orc

Skill      XL: |  1  2  3  4  5  6  7 |
---------------+----------------------+-----
Ranged Weapons | 4 5 7 |  7.0
Fighting       | 5 |  5.2
Dodging        | |  1.5
Stealth        | |  1.5

Action                     |  1- 3 |  4- 6 |  7- 9 || total
---------------------------+-------+-------+-------++-------
   Fire: Shortbow          |    25 |    63 |    30 ||   118
Ability: Spit Poison       |    12 |    23 |     4 ||    39
    Use: Scroll            |     6 |     2 |     3 ||    11
         Potion            |       |     1 |       ||     1
 Armour: Leather armour    |     2 |     5 |     6 ||    13
  Dodge: Dodged            |     2 |     8 |     7 ||    17

Table legend:
 A = Non-vault XP
 B = Vault XP
 C = Vault XP percentage of total XP
 D = Non-vault monster count
 E = Vault monster count
 F = Vault count percentage of total count
                 A         B        C        D         E       F
            +---------+---------+-------+---------+---------+-------
      Total |     496 |     494 |  49.9 |      57 |       4 |   6.6
            +---------+---------+-------+---------+---------+-------
        D:1 |      29 |       0 |   0.0 |      17 |       0 |   0.0
        D:2 |      71 |      36 |  33.6 |      16 |       1 |   5.9
        D:3 |     105 |     286 |  73.1 |      14 |       2 |  12.5
        D:4 |     149 |     172 |  53.6 |       8 |       1 |  11.1
        D:5 |     142 |       0 |   0.0 |       2 |       0 |   0.0
            +---------+---------+-------+---------+---------+-------
